 Dungeon Crawl Stone Soup version 0.30-a0-553-g7fabdf1491 (webtiles) character file.

Game seed: 7530219630064039759

26290 Newt the Slicer (level 12, -1/91 HPs)
             Began as a Demonspawn Gladiator on Dec 26, 2022.
             Was a High Priest of Dithmenos.
             Slain by a glowing shapeshifter simulacrum (29 damage)
             ... in an ice cave.
             The game lasted 00:20:20 (15412 turns).

Newt the Slicer (Demonspawn Gladiator)             Turns: 15412, Time: 00:20:21

Health: -1/91      AC: 18    Str: 16    XL:     12   Next: 97%
Magic:  15/15      EV: 18    Int: 10    God:    Dithmenos [*****.]
Gold:   659        SH:  0    Dex: 18    Spells: 11/11 levels left

rFire   . . .      SeeInvis .    Q - +7 short sword
rCold   . . .      Faith    .    (no shield)
rNeg    . . .      Spirit   .    d - +4 ring mail of Zoggecex {Will+ rCorr Stlth+}
rPois   .          Reflect  .    s - +2 helmet
rElec   .          Harm     .    (no cloak)
rCorr   +          Rampage  .    (no gloves)
Will    +....                    (no boots)
Stlth   ++++++++                 P - amulet of regeneration
HPRegen 1.15/turn                u - ring of resist corrosion
MPRegen 0.14/turn                I - +4 ring of protection

@: agile, wreathed by umbra
A: foul stench 3, powered by pain 3, demonic touch 1
a: Renounce Religion, Shadow Step, Shadow Form


You were in an ice cave.
You worshipped Dithmenos.
Dithmenos was extremely pleased with you.
You visited 3 branches of the dungeon, and saw 14 of its levels.
You also visited: Ossuary and Ice Cave.

You collected 795 gold pieces.
You spent 136 gold pieces at shops.

Inventory:

Hand Weapons
 a - a +0 rapier
 k - a +0 dagger of pain
 l - a +5 short sword
 w - the +3 short sword of the Summoning Dove {flame, rN+}
   (You bought it in a shop on level 5 of the Dungeon)

   It burns those it strikes, dealing additional fire damage.
   rN:        It protects you from negative energy.
 Q - a +7 short sword (weapon)
Missiles
 e - a javelin
 v - 12 poisoned darts (quivered)
 G - a throwing net
Armour
 b - a +0 leather armour
 c - a +1 helmet
 d - the +4 ring mail of Zoggecex (worn) {Will+ rCorr Stlth+}
   (You found it on level 6 of the Dungeon)

   rCorr:     It protects you from acid and corrosion.
   Will:      It increases your willpower.
   Stlth:     It makes you more stealthy.
 o - the +5 ring mail "Hyziri Kupy" {Fly rElec}
   (You found it on level 2 of the Dungeon)

   rElec:     It insulates you from electricity.
   Fly:       It grants you flight.
 s - a +2 helmet (worn)
Jewellery
 u - a ring of resist corrosion (left hand)
 E - a ring of magical power
 I - a +4 ring of protection (right hand)
 J - a ring of poison resistance
 P - an amulet of regeneration (around neck)
Wands
 y - a wand of mindburst (5)
 D - a wand of roots (31)
 F - a wand of digging (4)
 M - a wand of flame (33)
 N - a wand of charming (7)
 O - a wand of polymorph (9)
Scrolls
 n - 6 scrolls of teleportation
 x - 3 scrolls of identify
 A - 3 scrolls of enchant armour
 C - 3 scrolls of amnesia
 K - a scroll of blinking
 S - a scroll of fog
Potions
 f - 4 potions of ambrosia
 g - a potion of curing
 h - a potion of flight
 i - a potion of invisibility
 j - 2 potions of cancellation
 m - 2 potions of haste
 p - a potion of degeneration
 q - 3 potions of might
 r - 2 potions of heal wounds
 t - 3 potions of berserk rage
 z - 2 potions of lignification
 B - 2 potions of mutation
 H - 5 potions of brilliance
 L - 4 potions of attraction
Miscellaneous
 R - a condenser vane (inert)


   Skills:
 - Level 7.0 Fighting
 - Level 10.0 Short Blades
 - Level 6.0 Throwing
 - Level 8.0 Armour
 - Level 5.0 Dodging
 - Level 10.0 Stealth
 - Level 5.0 Invocations
 + Level 9.8 Evocations


You had 11 spell levels left.
You didn't know any spells.
Your spell library contained the following spells:

 Spells                   Type           Power      Damage    Failure   Level
 Kiss of Death            Conj/Necr      0%         2d5       54%         1
 Sublimation of Blood     Necr           0%         N/A       67%         2
 Confusing Touch          Hex            0%         N/A       88%         3
 Ozocubu's Armour         Ice            0%         N/A       88%         3
 Summon Guardian Golem    Hex/Summ       0%         N/A       88%         3
 Tukima's Dance           Hex            0%         N/A       88%         3
 Dispel Undead            Necr           0%         3d6       99%         4
 Passage of Golubria      Tloc           0%         N/A       99%         4
 Petrify                  Tmut/Erth      0%         N/A       99%         4
 Irradiate                Conj/Tmut      0%         3d11      100%        5
 Iskenderun's Battlesphe  Conj           0%         2d6       100%        5
 Yara's Violent Unravell  Hex/Tmut       0%         3d3       100%        5
 Iron Shot                Conj/Erth      0%         9d1       100%        6
 Orb of Destruction       Conj           0%         9d5       100%        7
 Ozocubu's Refrigeration  Ice            0%         4d7       100%        7
 Spellforged Servitor     Conj/Summ      0%         N/A       100%        7


Dungeon Overview and Level Annotations

Branches:
Dungeon (12/15)            Temple (1/1) D:7            Lair (1/5) D:11
    Orc (0/2) D:10        Ossuary (visited)           IceCv (1/1)

Altars:
Ashenzari
Cheibriados
Dithmenos
Fedhas
Gozag
Hepliaklqana
Kikubaaqudgha
Makhleb
Nemelex Xobeh
Okawaru
Qazlal
Ru
Sif Muna
Trog
Uskayaw
Vehumet
Wu Jian
Xom
Yredelemnul

Shops:
D:5 (*   D:7 (   D:10 (

Annotations:
D:1 1 runed translucent door


Innate Abilities, Weirdness & Mutations

You frequently emit foul miasma when damaged in melee.
You are powered by pain.
Your touch may inflict minor irresistible damage on your foes.


Message History

The ice statue is severely damaged.
The slime creature hits you! The ice statue gestures at you.
The shard of ice hits you!!
* * * LOW HITPOINT WARNING * * *
You hit the ice statue. Your punch misses the ice statue.
The ice statue is almost destroyed.
You puncture the ice statue!
You destroy the ice statue!
Dithmenos accepts your kill.
The ice beast disappears in a puff of smoke! x2
The slime creature barely misses you.
Unknown command.
You puncture the slime creature!
The slime creature is lightly wounded.
Your shadow hits the slime creature with a short sword.
You puncture the slime creature!
The slime creature is heavily wounded.
The slime creature hits you!
* * * LOW HITPOINT WARNING * * *
You feel better. The slime creature closely misses you.
A great orb of eyes simulacrum comes into view.
The glowing shapeshifter simulacrum completely misses you.
You hit the slime creature.
You touch the slime creature!
The slime creature is heavily wounded.
You puncture the slime creature! Your touch misses the slime creature.
The slime creature is almost dead.
The slime creature completely misses you.
You puncture the slime creature!
The slime creature is almost dead.
Your shadow hits the slime creature with a short sword.
The glowing shapeshifter simulacrum hits you but does no damage.
You hit the slime creature.
You kill the slime creature!
Dithmenos accepts your kill.
You puncture the glowing shapeshifter simulacrum!
The glowing shapeshifter simulacrum is moderately damaged.
The glowing shapeshifter simulacrum hits you.
The glowing shapeshifter simulacrum freezes you!!
You die...

#######
##.....#
#....Z. #....Z#
#....@##
##.....##
##.....###
####....####
###.....### ##
###.....#####..
####.........
####...###
##.##


You could see a great orb of eyes simulacrum and a glowing shapeshifter
simulacrum.

Vanquished Creatures
  Gastronok (Lair:1)
  Josephine (D:10)
  4 two-headed ogres
  A boulder beetle (D:11)
  Amaemon (D:8)
  Pikel (D:6)
  2 cyclopes (D:11)
  A manticore (D:11)
  An ugly thing (D:11)
  An elephant (D:11)
  An ice statue (IceCv)
  Joseph (D:8)
  An orange demon (D:8)
  4 kobold demonologists (D:9)
  2 gargoyles (D:11)
  A komodo dragon (Lair:1)
  Psyche (D:8)
  A troll (D:9)
  2 hornets
  6 slime creatures (IceCv)
  Grinder (D:5)
  Sigmund (D:6)
  6 wraiths (D:10)
  3 wyverns
  Grum (D:8)
  33 yaks
  3 basilisks
  Menkaure (D:6)
  Edmund (D:6)
  4 water moccasins
  A sky beast (D:6)
  An ice beast (D:5)
  A black bear (D:7)
  9 orc warriors
  2 hornet zombies (Ossuary)
  4 ogres
  A wolf (D:8)
  5 centaurs
  A phantom (D:5)
  Blork the orc (D:5)
  7 bullfrogs
  3 gnoll sergeants
  A scorpion (D:6)
  2 glowing shapeshifter simulacra (IceCv)
  A necrophage (D:3)
  2 cane toad simulacra (Lair:1)
  3 wyvern zombies (Ossuary)
  An elf skeleton (D:8)
  16 wights
  An elephant simulacrum (Lair:1)
  9 killer bees
  6 centaur zombies (Ossuary)
  6 bullfrog zombies (Ossuary)
  A gnoll bouda (D:7)
  4 hounds
  7 orc priests
  A jelly (D:5)
  3 human skeletons (D:8)
  6 orc wizards
  2 iguanas
  2 shapeshifter simulacra (IceCv)
  3 killer bee zombies (Ossuary)
  11 mummies (Ossuary)
  A howler monkey zombie (Ossuary)
  10 adders
  15 gnolls
  A white imp (D:7)
  2 ufetubi
  2 worms
  3 dart slugs
  105 orcs
  9 bats
  7 endoplasms
  3 giant cockroaches
  10 goblins
  12 hobgoblins
  3 jackals (D:3)
  3 quokkas
  8 ball pythons
  5 frilled lizards
  13 kobolds
  2 orc skeletons (D:8)
  5 rats
431 creatures vanquished.

Vanquished Creatures (others)
  A wolf (D:8)
  7 fungi (D:8)
  A plant (D:7)
  7 withered plants (Ossuary)
16 creatures vanquished.

Grand Total: 447 creatures vanquished

Notes
Turn   | Place    | Note
-------+----------+-------------------------------------------
     0 | D:1      | Newt the Demonspawn Gladiator began the quest for the Orb.
     0 | D:1      | Reached XP level 1. HP: 16/16 MP: 1/1
     1 | D:1      | Found a runed translucent door.
   122 | D:1      | Found a faded altar of an unknown god.
   141 | D:1      | Reached skill level 1 in Stealth
   181 | D:1      | Gained mutation: You may rarely emit foul miasma when
                  | damaged in melee. [demonic ancestry]
   181 | D:1      | Reached XP level 2. HP: 19/22 MP: 2/2
   748 | D:1      | Reached XP level 3. HP: 13/27 MP: 3/3
  1662 | D:2      | Identified the +5 ring mail "Hyziri Kupy" {Fly rElec}
  1853 | D:2      | Gained mutation: You sometimes emit foul miasma when
                  | damaged in melee. [demonic ancestry]
  1853 | D:2      | Reached XP level 4. HP: 26/33 MP: 4/4
  2790 | D:3      | Gained mutation: You sometimes gain a little power by
                  | taking damage. [demonic ancestry]
  2790 | D:3      | Reached XP level 5. HP: 33/38 MP: 5/5
  3357 | D:3      | Reached skill level 5 in Short Blades
  3793 | D:4      | Reached XP level 6. HP: 21/46 MP: 6/6
  4317 | D:4      | Found a snail-covered altar of Cheibriados.
  4321 | D:4      | Found an ancient bone altar of Kikubaaqudgha.
  4364 | D:5      | Entered Level 5 of the Dungeon
  4364 | D:5      | Noticed Grinder
  4368 | D:5      | Found an ornate altar of the Wu Jian Council.
  4446 | D:5      | Killed Grinder
  4447 | D:5      | Reached skill level 5 in Fighting
  4447 | D:5      | Gained mutation: You sometimes gain power by taking damage.
                  | [demonic ancestry]
  4447 | D:5      | Reached XP level 7. HP: 56/56 MP: 7/7
  4613 | D:5      | Reached skill level 5 in Stealth
  4673 | D:5      | Found Usus's Antique Weapon Emporium.
  4725 | D:5      | Bought a crude short sword for 136 gold pieces
  4725 | D:5      | Identified the +3 short sword of the Summoning Dove {flame,
                  | rN+} (You bought it in a shop on level 5 of the Dungeon)
  4740 | D:5      | Found Lihibbukh's Serpentskin Sales.
  4740 | D:5      | Noticed Blork the orc
  4748 | D:5      | Killed Blork the orc
  4755 | D:5      | Gained mutation: Your touch may inflict minor irresistible
                  | damage on your foes. [demonic ancestry]
  4755 | D:5      | Reached XP level 8. HP: 44/62 MP: 8/8
  5289 | D:5      | Found a burning altar of Makhleb.
  5345 | D:6      | Noticed Edmund
  5355 | D:6      | Noticed Sigmund
  5370 | D:6      | Killed Sigmund
  5371 | D:6      | Killed Edmund
  5541 | D:6      | Identified the +4 ring mail of Zoggecex {Will+ rCorr
                  | Stlth+}
  5940 | D:6      | Noticed Menkaure
  5951 | D:6      | Killed Menkaure
  6021 | D:6      | Reached XP level 9. HP: 55/68 MP: 9/9
  6293 | D:6      | Noticed Pikel
  6309 | D:6      | Killed Pikel
  6871 | D:7      | Found a staircase to the Ecumenical Temple.
  6900 | Temple   | Entered the Ecumenical Temple
  7121 | Temple   | Became a worshipper of Dithmenos the Shadowed
  7257 | D:7      | Found Monamp's Hydra Hut.
  7271 | D:7      | Noticed a six-headed hydra
  7389 | D:7      | Reached skill level 1 in Armour
  8142 | D:8      | Found a hide-covered altar of Uskayaw.
  8191 | D:8      | Found a sand-covered staircase.
  8196 | Ossuary  | Entered an ossuary
  8270 | Ossuary  | Reached * piety under Dithmenos
  8409 | Ossuary  | Reached skill level 5 in Armour
  8409 | Ossuary  | Gained mutation: You are powered by pain. [demonic
                  | ancestry]
  8409 | Ossuary  | Reached XP level 10. HP: 79/79 MP: 10/10
  8813 | Ossuary  | Reached ** piety under Dithmenos
  8937 | D:8      | Noticed Joseph
  8941 | D:8      | Reached skill level 5 in Dodging
  8953 | D:8      | Killed Joseph
  9126 | D:8      | Noticed Grum
  9128 | D:8      | Noticed Psyche
  9147 | D:8      | Killed Psyche
  9148 | D:8      | Reached skill level 5 in Invocations
  9159 | D:8      | Killed Grum
  9708 | D:8      | Reached *** piety under Dithmenos
  9982 | D:8      | Reached skill level 5 in Evocations
 10392 | D:8      | Found a sacrificial altar of Ru.
 10402 | D:8      | Noticed a two-headed ogre
 10416 | D:8      | Killed a two-headed ogre
 10417 | D:8      | Gained mutation: You frequently emit foul miasma when
                  | damaged in melee. [demonic ancestry]
 10417 | D:8      | Reached XP level 11. HP: 71/84 MP: 14/14
 10463 | D:8      | Noticed a two-headed ogre
 10466 | D:8      | Killed a two-headed ogre
 10503 | D:8      | Noticed Amaemon
 10506 | D:8      | Paralysed by a hornet for 3 turns
 10514 | D:8      | Found a bloodstained altar of Trog.
 11005 | D:8      | Killed Amaemon
 11006 | D:8      | Reached skill level 10 in Short Blades
 11837 | D:9      | Reached **** piety under Dithmenos
 12496 | D:9      | Noticed a two-headed ogre
 12509 | D:9      | Killed a two-headed ogre
 12700 | D:10     | Entered Level 10 of the Dungeon
 13112 | D:9      | Noticed a sun demon
 13793 | D:10     | Found a staircase to the Orcish Mines.
 13819 | D:10     | You fall into a shaft and drop 2 floors!
 13830 | D:12     | Noticed a two-headed ogre
 13840 | D:12     | Killed a two-headed ogre
 13841 | D:12     | Reached skill level 5 in Throwing
 14128 | D:11     | Found a staircase to the Lair.
 14136 | D:11     | Reached XP level 12. HP: 91/91 MP: 15/15
 14174 | D:11     | Reached ***** piety under Dithmenos
 14249 | D:11     | Noticed a boulder beetle
 14273 | D:11     | Killed a boulder beetle
 14584 | D:10     | Found Ullie's Weapon Boutique.
 14694 | D:10     | Reached skill level 10 in Stealth
 14837 | D:10     | Noticed Josephine
 14873 | D:10     | Killed Josephine
 15147 | Lair:1   | Entered Level 1 of the Lair of Beasts
 15223 | Lair:1   | Noticed Gastronok
 15251 | Lair:1   | Killed Gastronok
 15307 | Lair:1   | Found a frozen archway.
 15316 | IceCv    | Entered an ice cave
 15412 | IceCv    | Slain by a glowing shapeshifter simulacrum

Illustrated notes

Levels and vault maps discovered:
D:1:      dpeg_arrival_caged_fury, layout_loops_corners,
          hellmonk_ecumenical_altar_blasted
D:2:      minmay_razor_zed, layout_basic
D:3:      layout_basic, kennysheep_decorative_pillar, hangedman_decor_lopped
D:4:      layout_rooms, minitemple
D:5:      layout_loops_cross, mainiacjoe_overflow_alcove_2,
          nicolae_wu_jian_wuxing_cycle, serial_shops, nicolae_shop_trees,
          guppyfry_shop_venom, uniq_grinder, uniq_blork_the_orc
D:6:      layout_cave_pods, grunt_ministairs_5, uniq_sigmund, uniq_menkaure,
          uniq_pikel, uniq_edmund
D:7:      layout_loops_corners, minmay_temple_entry_waves,
          doesnt_shop_hydraphobe
D:8:      layout_basic, kennysheep_mini, marbit_many_paths,
          mainiacjoe_overflow_boulevard, special_room [special_room_orc],
          nicolae_ossuary_entry_catacombs, uniq_amaemon, uniq_psyche,
          uniq_joseph, uniq_grum
D:9:      layout_roguey [special_room_orc]
D:10:     layout_big_octagon, david_orc_5, serial_shops, shop_fountains,
          uniq_josephine
D:11:     layout_small_grid, david_lair_generic, minivault_21
D:12:     layout_basic
Temple:   dpeg_chambers_temple
Lair:1:   layout_misc_corridors, portal_ice_cave_entry_ice_simulacra,
          lemuel_fruit_fields, uniq_gastronok
IceCv:    ice_cave_hellmonk_azure_passage

Skill      XL: |  1  2  3  4  5  6  7  8  9 10 11 12 |
---------------+-------------------------------------+-----
Stealth        | 1 2 3 4 6 8 10 | 10.0
Short Blades   | 3 4 5 7 8 9 10 | 10.0
Fighting       | 5 7 |  7.0
Armour         | 5 8 |  8.0
Dodging        | 5 |  5.0
Invocations    | 5 |  5.0
Evocations     | 5 9 |  9.8
Throwing       | 5 6 |  6.0

Action                   |  1- 3 |  4- 6 |  7- 9 | 10-12 || total
-------------------------+-------+-------+-------+-------++-------
Melee: Rapier            |    91 |       |       |       ||    91
       Punch             |     2 |     1 |     2 |    13 ||    18
       Dagger            |    10 |       |       |       ||    10
       Short sword       |    59 |   155 |   379 |   987 ||  1580
       Touch             |       |       |    54 |   223 ||   277
Throw: Javelin           |     1 |       |     1 |       ||     2
       Throwing net      |     2 |     1 |     3 |     2 ||     8
       Dart              |       |     5 |       |     2 ||     7
Evoke: Wand              |       |       |       |     5 ||     5
       Condenser vane    |       |       |       |     1 ||     1
  Use: Scroll            |     7 |     6 |     5 |    12 ||    30
       Potion            |       |     1 |       |     6 ||     7
 Stab: Sleeping          |     2 |     2 |     8 |    28 ||    40
       Held in net/web   |       |     2 |       |       ||     2
       Distracted        |       |       |     1 |     3 ||     4
Armor: Leather armour    |    70 |       |       |       ||    70
       Ring mail         |     3 |    33 |   151 |   293 ||   480
Dodge: Dodged            |   131 |    71 |   139 |   585 ||   926

Table legend: (Time is in decaauts)
 A = Elapsed time spent in this place.
 B = Non-inter-level travel time spent in this place.
 C = Inter-level travel time spent in this place.
 D = Time resting spent in this place.
 E = Time spent auto-exploring this place.
 F = Levels seen in this place.
 G = Mean time per level.
                   A        B        C        D        E       F      G
               +--------+--------+--------+--------+--------+-----+--------+
         Total |  14799 |  14354 |    445 |   3417 |   8187 |  16 |  924.9 |
       Dungeon |  13764 |  13363 |    401 |   3372 |   7588 |  12 | 1147.0 |
        Temple |    248 |    204 |     44 |      0 |    191 |   1 |  248.0 |
          Lair |    133 |    133 |      0 |     45 |      0 |   1 |  133.0 |
       Ossuary |    589 |    589 |      0 |      0 |    407 |   1 |  589.0 |
      Ice Cave |     62 |     62 |      0 |      0 |      0 |   1 |   62.0 |
               +--------+--------+--------+--------+--------+-----+--------+

Top non-repeatable levels by time:
     D:9: 2417 daAuts
     D:8: 2316 daAuts
     D:1: 1313 daAuts
     D:2: 1286 daAuts
     D:6: 1237 daAuts
     D:7: 1234 daAuts
     D:4: 988 daAuts
     D:5: 885 daAuts
     D:3: 781 daAuts
    D:11: 765 daAuts
 Ossuary: 589 daAuts
    D:10: 511 daAuts
  Temple: 248 daAuts
  Lair:1: 133 daAuts
   IceCv: 62 daAuts
